 Dungeon Crawl Stone Soup version 0.22-a0-480-g991dd4b (webtiles) character file.

137 Darkshadow the Chopper (level 5, -4/47 HPs)
             Began as a Hill Orc Monk on June 16, 2018.
             Slain by a slave (8 damage)
             ... led by Pikel
             ... on level 4 of the Dungeon.
             The game lasted 00:13:03 (3734 turns).

Darkshadow the Chopper (Hill Orc Monk)              Turns: 3734, Time: 00:13:04

Health: -4/47      AC:  9    Str: 15    XL:     5   Next: 20%
Magic:  5/5        EV: 10    Int: 10    God:
Gold:   138        SH:  0    Dex: 13    Spells: 4/4 levels left

rFire    . . .     SeeInvis .   a - +1 hand axe
rCold    . . .     Gourm    .   (no shield)
rNeg     . . .     Faith    .   q - +3 scale mail {MR+}
rPois    .         Spirit   .   (no helmet)
rElec    .         Reflect  .   (no cloak)
rCorr    .         Harm     .   (no gloves)
MR       +....                  (no boots)
Stlth    +.........             (no amulet)
HPRegen  0.15/turn              (no ring)
MPRegen  0.09/turn              (no ring)

@: no status effects
A: no striking features
a: no special abilities


You were on level 4 of the Dungeon.
You were not hungry.

You visited 1 branch of the dungeon, and saw 4 of its levels.

You collected 138 gold pieces.

Inventory:

Hand Weapons
 a - a +1 hand axe (weapon)
 b - a +3 hunting sling
 z - a +2 hunting sling of freezing
Missiles
 i - 77 stones
 j - 3 tomahawks (quivered)
 o - 54 poisoned needles
Armour
 g - a +0 chain mail
 n - a +0 plate armour
 q - a +3 scale mail of magic resistance (worn)
 w - a +0 robe
Jewellery
 e - an uncursed ring of wizardry {unknown}
 k - an uncursed ring of fire {unknown}
Wands
 y - a wand of enslavement (6)
Scrolls
 s - a scroll of identify {@r1}
 x - a scroll of enchant weapon
Potions
 d - a potion of mutation
 h - 3 potions of haste
 l - a potion of agility {unknown}
 p - a potion of flight
 r - 2 potions of brilliance
 t - a potion of resistance {unknown}
 v - 2 potions of curing {@q1}
Comestibles
 c - 7 rations
 f - a chunk of flesh


   Skills:
 + Level 4.6 Fighting
 + Level 5.1 Axes
 + Level 3.2 Dodging
 + Level 2.6 Stealth


You had 4 spell levels left.
You didn't know any spells.
Your spell library was empty.

Dungeon Overview and Level Annotations

Branches:
Dungeon (4/15)
 Temple: D:4-7

Altars:

Annotations:
D:3 Darkshadow's ghost, amateur HOMo; Pikel


Message History

The slave hits you.
* * * LOW HITPOINT WARNING * * *
You hit the slave.
The slave is lightly wounded.
The slave hits you but does no damage. The slave closely misses you.
You slash the slave!
The slave is heavily wounded.
The slave barely misses you.
You closely miss the slave.
The slave is heavily wounded.
The slave hits you.
* * * LOW HITPOINT WARNING * * *
You closely miss the slave.
The slave is heavily wounded.
The slave hits you.
* * * LOW HITPOINT WARNING * * *
You closely miss the slave.
The slave is heavily wounded.
You hit the slave. The slave hits you but does no damage. The slave hits you!
You die...

.....<[..###..**,,**
#.......###..****,,**
###...####.#####**,,***
##.###..##...###**,,** #
####..##......##**,,** ##
##..#.........###*,,**
K####..#............##*,,*
...#..#..............#****
...K###.......pp@....##
...## #.........p.....#
..## ##..8...........# ..#
##.............# .##
##............# ##
#............# #
#.#....†.....# #
#.....<.....##
#8.##......##


You could see 3 slaves.

Vanquished Creatures
  2 worker ants
  3 gnolls
  2 oozes
  2 dart slugs (D:1)
  A leopard gecko (D:1)
  An orc (D:4)
  A ball python (D:3)
  3 giant cockroaches
  3 goblins
  3 hobgoblins
  4 jackals (D:1)
  A quokka (D:4)
  9 bats
  6 kobolds
  A quokka zombie (D:4)
  6 rats
48 creatures vanquished.

Notes
Turn   | Place    | Note
-------+----------+-------------------------------------------
     0 | D:1      | Darkshadow the Hill Orc Monk began the quest for the Orb.
     0 | D:1      | Reached XP level 1. HP: 19/19 MP: 1/1
   395 | D:1      | Reached XP level 2. HP: 23/27 MP: 2/2
   824 | D:1      | Reached XP level 3. HP: 32/33 MP: 3/3
  2399 | D:3      | Noticed Darkshadow's ghost (amateur HOMo)
  2921 | D:3      | Found a faded altar of an unknown god.
  3165 | D:4      | Noticed Pikel
  3167 | D:4      | Noticed a slave
  3189 | D:3      | Reached XP level 4. HP: 33/41 MP: 4/4
  3224 | D:4      | Found Luipp's Weapon Boutique.
  3341 | D:3      | Reached skill level 5 in Axes
  3341 | D:3      | Reached XP level 5. HP: 36/47 MP: 5/5
  3711 | D:4      | Noticed a slave
  3713 | D:4      | Noticed a slave
  3716 | D:4      | Noticed a slave
  3734 | D:4      | Slain by a slave

Vault maps used:
D:1:      dpeg_arrival_line_fractal
D:3:      chequers_ecumenical_altar_island
D:4:      first_ration, serial_shops, shop_statue, uniq_pikel

Skill      XL: |  1  2  3  4 |
---------------+-------------+-----
Fighting       | 4 |  4.6
Stealth        | 2 |  2.6
Dodging        | 3 |  3.2
Axes           | 5 |  5.1

Action                   |  1- 3 |  4- 6 || total
-------------------------+-------+-------++-------
Melee: Hand axe          |   132 |    49 ||   181
 Fire: Hunting sling     |    14 |       ||    14
Throw: Stone             |     6 |       ||     6
       Tomahawk          |     1 |       ||     1
  Use: Scroll            |    11 |     2 ||    13
 Stab: Sleeping          |     1 |       ||     1
  Eat: Chunk             |     6 |     3 ||     9
Armor: Robe              |     3 |       ||     3
       Chain mail        |    84 |       ||    84
       Scale mail        |     7 |    33 ||    40
Dodge: Dodged            |    68 |    24 ||    92

Table legend:
 A = Spawn XP
 B = Non-spawn XP
 C = Spawn XP percentage of total XP
 D = Spawn monster count
 E = Non-spawn monster count
 F = Spawn count percentage of total count
 G = Total turns spent on level
                    A         B        C        D         E        F      G
               +---------+---------+-------+---------+---------+-------+---------
         Total |       0 |     197 |   0.0 |       0 |      48 |   0.0 |  3734
               +---------+---------+-------+---------+---------+-------+---------
           D:1 |       0 |      49 |   0.0 |       0 |      24 |   0.0 |  1071
           D:2 |       0 |      13 |   0.0 |       0 |       8 |   0.0 |   915
           D:3 |       0 |      75 |   0.0 |       0 |      10 |   0.0 |  1449
           D:4 |       0 |      60 |   0.0 |       0 |       6 |   0.0 |   299
               +---------+---------+-------+---------+---------+-------+---------
